 Dungeon Crawl Stone Soup version 0.28.0 (webtiles) character file.

Game seed: 2490579130520825069

49 Ajdolov the Digger (level 3, 0/21 HPs)
             Began as an Octopode Earth Elementalist on Feb 12, 2022.
             Slain by Terence (5 damage)
             ... on level 2 of the Dungeon.
             The game lasted 00:02:22 (2108 turns).

Ajdolov the Digger (Octopode Earth Elementalist)    Turns: 2108, Time: 00:02:23

Health: 0/21       AC:  1    Str:  2    XL:     3   Next: 77%
Magic:  15/15      EV: 13    Int: 19    God:
Gold:   75         SH:  0    Dex: 12    Spells: 2/6 levels left

rFire   + . .      SeeInvis +   c - +0 dagger
rCold   + . .      Faith    .   (no shield)
rNeg    + + .      Spirit   .   (helmet restricted)
rPois   .          Reflect  .   (no amulet)
rElec   .          Harm     .   d - ring of protection from cold
rCorr   .          Rampage  .   j - ring "Jiocrar" {rF+ rN++ MP+9 Str-5 SInv}
Will    .....                   (no ring)
Stlth   +++.......              (no ring)
HPRegen 0.07/turn               (no ring)
MPRegen 0.14/turn               (no ring)
                                (no ring)
                                (no ring)

@: no status effects
A: almost no armour, amphibious, 8 rings, camouflage 1, gelatinous body 1,
(nimble swimmer 1), tentacles
a: no special abilities


You were on level 2 of the Dungeon.
You visited 1 branch of the dungeon, and saw 2 of its levels.

You collected 75 gold pieces.

Inventory:

Hand Weapons
 c - a +0 dagger (weapon)
Missiles
 b - 44 stones
Jewellery
 d - a ring of protection from cold (left tentacle)
 j - the ring "Jiocrar" (right tentacle) {rF+ rN++ MP+9 Str-5 SInv}
   (You found it on level 2 of the Dungeon)

   [ring of magical power]

   Str:       It affects your strength (-5).
   rF:        It protects you from fire.
   rN:        It greatly protects you from negative energy.
   MP:        It affects your magic capacity (+9).
   SInv:      It lets you see invisible.
Scrolls
 e - a scroll of identify {unknown}
 h - a scroll of immolation {unknown}
Potions
 a - a potion of resistance {unknown}
 f - a potion of lignification {unknown}
 g - a potion of brilliance {unknown}
 i - a potion of curing {unknown}


   Skills:
 - Level 2.0 Dodging
 - Level 2.6 Stealth
 - Level 2.0 Spellcasting
 * Level 1.1 Conjurations
 - Level 1.0 Transmutations
 * Level 4.3 Earth Magic


You had 2 spell levels left.
You knew the following spells:

 Your Spells              Type           Power      Damage    Failure   Level
a - Sandblast             Erth           36%        2d10      2%          1
b - Stone Arrow           Conj/Erth      24%        3d8       16%         3

Your spell library contained the following spells:

 Spells                   Type           Power      Damage    Failure   Level
 Passwall                 Tmut/Erth      10%        N/A       9%          2
 Petrify                  Tmut/Erth      12%        N/A       50%         4


Dungeon Overview and Level Annotations

Branches:
Dungeon (2/15)

Altars:

Annotations:
D:2 Terence


Innate Abilities, Weirdness & Mutations

You cannot wear most types of armour.
You are amphibious.
You can wear up to eight rings at the same time.
Your skin changes colour to match your surroundings (Stealth+).
Your rubbery body absorbs attacks. (AC +1, EV +1)
((You are camouflaged when in or above water. (Stealth+)))
You have tentacles for arms and can constrict up to eight enemies at once.


Message History

Press: ? - help, Q - select action, (/) - cycle Shift-Dir - straight line, f - adder
Aim: an adder (heavily wounded, 66% to hit)
The blast of sand misses the adder.
The adder barely misses you.
Aiming: Sandblast (safe; 3% risk of failure)
Press: ? - help, Q - select action, (/) - cycle Shift-Dir - straight line, f/p - adder
Aim: an adder (heavily wounded, 66% to hit)
The blast of sand hits the adder!
You kill the adder!
Your Conjurations skill increases to level 1!
Aiming: Sandblast (safe; 2% risk of failure)
Press: ? - help, Q - select action, (/) - cycle Shift-Dir - straight line
Okay, then.
Aiming: Sandblast (safe; 2% risk of failure)
Press: ? - help, Q - select action, (/) - cycle Shift-Dir - straight line, f - you
Okay, then.
Casting: Sandblast (safe; 2% risk of failure)
Confirm with . or Enter, or press ? or * to list all spells.
Okay, then.
There is a stone staircase leading up here.
Terence misses you.
You climb upwards.
There is a stone staircase leading down here.
You start resting.
HP restored.
There is an escape hatch in the floor here.
There is a stone staircase leading down here.
You climb downwards.
Level annotation: Terence
There is a stone staircase leading up here.
Terence hits you from afar with a +0 trident!
Terence shouts, "DIE!!!"
There is an escape hatch in the ceiling here.
Terence says, "Did you write a will?
You should..."
Terence hits you from afar with a +0 trident!
Ouch! That really hurt!
* * * LOW HITPOINT WARNING * * *
There is a stone staircase leading up here.
Terence hits you from afar with a +0 trident.
You die...

.# #....# ###.#### #.## .##
##.#..###...######.##### ..#
#..#..#...##.....#.....##
#.####.##....###.............##
#...##.#...####...............#
###........# #...............#
.##.#..#.#.####...............#
...........##.................#
##..............@.............#
.............................##
##.#............@.....#.....##
#..................#########
###.................#
..##................#
.....).........<....#
..##...............##
..###.............##


You could see Terence.

Vanquished Creatures
  An adder (D:2)
  4 endoplasms
  3 giant cockroaches
  4 goblins (D:1)
  A hobgoblin (D:2)
  4 jackals
  3 kobolds
  3 quokkas (D:1)
  3 ball pythons (D:1)
  6 bats
  A frilled lizard (D:1)
  3 rats
36 creatures vanquished.

Notes
Turn   | Place    | Note
-------+----------+-------------------------------------------
     0 | D:1      | Ajdolov the Octopode Earth Elementalist began the quest for
                  | the Orb.
     0 | D:1      | Reached XP level 1. HP: 11/11 MP: 3/3
   472 | D:1      | Reached XP level 2. HP: 17/17 MP: 5/5
   947 | D:1      | Reached skill level 4 in Earth Magic
  1006 | D:1      | Reached XP level 3. HP: 12/21 MP: 4/6
  1011 | D:1      | Learned a level 3 spell: Stone Arrow
  1663 | D:2      | Identified the ring "Jiocrar" {rF+ rN++ MP+9 Str-5 SInv}
  1843 | D:2      | Noticed Terence
  1849 | D:2      | Reached skill level 1 in Conjurations
  2108 | D:2      | Slain by Terence

Illustrated notes

Levels and vault maps discovered:
D:1:      lightli_arrival_farm, layout_basic
D:2:      layout_rooms, uniq_terence, uniq_crazy_yiuf_cottage

Skill      XL: |  1  2  3 |
---------------+----------+-----
Earth Magic    | 4 |  4.3
Conjurations   | 1 |  1.1
Dodging        | |  2.0
Stealth        | |  2.6
Spellcasting   | |  2.0
Transmutations | |  1.0

Action                   || total
-------------------------++-------
Melee: Unarmed           ||     6
       Dagger            ||    72
       Tentacles         ||    15
       Constrict         ||    14
       Punch             ||     1
 Cast: Sandblast         ||     7
 Stab: Sleeping          ||    14
Armor: Skin              ||     9
Dodge: Dodged            ||    46
